 Dungeon Crawl Stone Soup version 0.28.0-1-gb440e238dd (webtiles) character file.

Game seed: 8608323093540690449

2048 Jaqob the Fighter (level 9, -13/81 HPs)
             Began as a Hill Orc Fighter on Feb 22, 2022.
             Was a Follower of Beogh.
             Shot with a sling bullet by Joseph (18 damage)
             ... on level 7 of the Dungeon.
             The game lasted 00:15:03 (6920 turns).

Jaqob the Fighter (Hill Orc Fighter)                Turns: 6920, Time: 00:15:03

Health: -13/81     AC: 14    Str: 23    XL:     9   Next: 24%
Magic:  9/9        EV:  6    Int:  8    God:    Beogh [*.....]
Gold:   118        SH:  6    Dex: 13    Spells: 8/8 levels left

rFire   + . .      SeeInvis .   k - +0 falchion (flame)
rCold   . . .      Faith    .   c - +0 buckler
rNeg    + . .      Spirit   .   y - +1 plate armour "Dadeco" {rN+ Dex+3}
rPois   .          Reflect  .   (no helmet)
rElec   .          Harm     .   (no cloak)
rCorr   .          Rampage  .   (no gloves)
Will    .....                   (no boots)
Stlth   ..........              w - amulet of regeneration
HPRegen 1.03/turn               f - ring of protection from fire
MPRegen 0.11/turn               (no ring)

@: marked
A: no striking features
a: Renounce Religion


You were on level 7 of the Dungeon.
You worshipped Beogh.
Beogh was aware of your devotion.
You visited 1 branch of the dungeon, and saw 7 of its levels.

You collected 268 gold pieces.
You spent 150 gold pieces at shops.

Inventory:

Hand Weapons
 a - a +0 long sword
 g - a +1 dagger of speed
 k - a +0 falchion of flaming (weapon)
 v - a +1 spectral quarterstaff
Missiles
 j - 4 javelins (quivered)
Armour
 b - a +0 scale mail
 c - a +0 buckler (worn)
 q - a +1 plate armour
 y - the +1 plate armour "Dadeco" (worn) {rN+ Dex+3}
   (You found it on level 6 of the Dungeon)

   Dex:       It affects your dexterity (+3).
   rN:        It protects you from negative energy.
Jewellery
 f - a ring of protection from fire (left hand)
 h - an amulet of guardian spirit
 m - an amulet of magic regeneration
 p - a ring of fire
 r - a ring of resist corrosion
 w - an amulet of regeneration (around neck)
Wands
 l - a wand of polymorph (14)
 t - a wand of acid (1)
 z - a wand of flame (14)
Scrolls
 e - 2 scrolls of summoning
 n - a scroll of noise
 A - a scroll of identify
Potions
 d - 4 potions of might
 i - 2 potions of degeneration
 o - 4 potions of lignification
 s - 2 potions of ambrosia
 x - 3 potions of heal wounds {unknown}


   Skills:
 + Level 8.0 Fighting
 + Level 6.7 Long Blades
 + Level 7.2 Armour
 + Level 7.3 Shields


You had 8 spell levels left.
You didn't know any spells.
Your spell library contained the following spells:

 Spells                   Type           Power      Damage    Failure   Level
 Magic Dart               Conj           0%         1d3       100%        1
 Call Imp                 Summ           0%         N/A       100%        2
 Call Canine Familiar     Summ           0%         N/A       100%        3
 Mephitic Cloud           Conj/Pois/Air  0%         N/A       100%        3
 Portal Projectile        Hex/Tloc       0%         N/A       100%        3
 Leda's Liquefaction      Hex/Erth       0%         N/A       100%        4
 Chain Lightning          Conj/Air       0%         N/A       100%        9
 Fire Storm               Conj/Fire      0%         5d1       100%        9
 Shatter                  Erth           0%         3d5*      100%        9


Dungeon Overview and Level Annotations

Branches:
Dungeon (7/15)             Temple (0/1) D:7

Altars:
Xom

Shops:
D:4 *   D:5 *

Annotations:
D:7 Joseph


Message History

Joseph shoots a sling bullet.
The sling bullet hits you!
A hobgoblin comes into view. It is wielding a +0 scythe.
Found a book of Conjurations.
The hobgoblin barely misses you.
Joseph shoots a sling bullet.
You block the sling bullet.
A hobgoblin comes into view. It is wielding a +0 scythe.
The hobgoblin completely misses you. You block the hobgoblin's attack.
Joseph zaps a wand.
Your mind is blasted!
You hit Joseph but do no damage.
The hobgoblin hits you but does no damage.
A hound comes into view.
The hobgoblin hits you but does no damage.
An ogre comes into view. It is wielding a +0 giant club.
The hobgoblin hits you but does no damage.
Joseph unwields a +0 hunting sling.
Joseph wields a +0 quarterstaff.
Joseph hits you but does no damage.
You closely miss Joseph. The hobgoblin barely misses you.
The hobgoblin hits you from afar with a +0 scythe.
The hobgoblin completely misses you.
You are too injured to fight recklessly!
Joseph zaps a wand.
Your mind is blasted!
* * * LOW HITPOINT WARNING * * *
The hobgoblin hits you with a +0 scythe!
* * * LOW HITPOINT WARNING * * *
You block the hobgoblin's attack. The hobgoblin barely misses you.
The hobgoblin hits you from afar with a +0 scythe.
* * * LOW HITPOINT WARNING * * *
You see here a grey potion.
As you read the scroll of fog, it crumbles to dust.
The scroll dissolves into smoke.
Joseph zaps a wand.
You struggle to resist.
The hobgoblin closely misses you.
The hobgoblin hits you with a +0 scythe!
* * * LOW HITPOINT WARNING * * *
The hound barely misses you.
The hobgoblin hits you but does no damage.
The hobgoblin barely misses you. You block the hound's attack.
Joseph unwields a +0 quarterstaff.
Joseph wields a +0 hunting sling.
Joseph shoots a sling bullet.
The sling bullet hits you!!
You die...

#............#
.##.........#
#.........#
###.......#
#.......#
#.......#
#§.O....#
#§§h§...#
###.g§@...#
#...@§§...#
#...gggg..#
#...##.g.##.#
+...##...##...
#.#............#
# #..!.>.......#
#....:.......#
..##...##. ..#


You could see Joseph, an ogre, a hound and 6 hobgoblins.

Vanquished Creatures
  Sigmund (D:6)
  A water moccasin (D:5)
  An ice beast (D:5)
  A black bear (D:6)
  4 necrophages
  An ogre (D:5)
  2 centaurs
  A phantom (D:4)
  A water moccasin skeleton (D:5)
  A howler monkey (D:5)
  6 jellies
  5 hounds
  A centaur skeleton (D:5)
  An orc priest (D:5)
  2 bullfrog skeletons
  6 iguanas
  Ijyb (D:4)
  A scorpion zombie (D:5)
  Robin (D:3)
  4 gnolls
  9 adders
  A shadow imp (D:6)
  2 white imps
  An adder skeleton (D:4)
  2 worms
  7 orcs
  7 ball pythons
  5 endoplasms
  A giant cockroach (D:3)
  12 goblins
  5 hobgoblins
  A quokka (D:5)
  4 bats
  3 frilled lizards
  A jackal skeleton (D:4)
  4 kobolds
  4 rats
111 creatures vanquished.

Vanquished Creatures (others)
  An orc priest (D:5)
  2 orc wizards (D:5)
3 creatures vanquished.

Grand Total: 114 creatures vanquished

Notes
Turn   | Place    | Note
-------+----------+-------------------------------------------
     0 | D:1      | Jaqob the Hill Orc Fighter began the quest for the Orb.
     0 | D:1      | Reached XP level 1. HP: 19/19 MP: 1/1
    19 | D:1      | Reached XP level 2. HP: 8/27 MP: 2/2
   604 | D:1      | Reached skill level 4 in Fighting
   661 | D:1      | Reached XP level 3. HP: 30/33 MP: 3/3
  1599 | D:2      | Noticed a necrophage
  1748 | D:1      | Killed a necrophage
  1749 | D:1      | Reached XP level 4. HP: 9/41 MP: 4/4
  1749 | D:1      | Reached XP level 5. HP: 11/47 MP: 5/5
  2343 | D:3      | Noticed Robin
  2375 | D:3      | Killed Robin
  2689 | D:3      | Found a faded altar of an unknown god.
  2948 | D:4      | Reached skill level 5 in Fighting
  3136 | D:4      | Reached XP level 6. HP: 56/56 MP: 6/6
  3981 | D:4      | Noticed a necrophage
  3990 | D:4      | Killed a necrophage
  3991 | D:4      | Reached skill level 5 in Armour
  3991 | D:4      | Reached skill level 5 in Shields
  4217 | D:4      | Found Amaryrpha's Assorted Antiques.
  4225 | D:4      | Reached XP level 7. HP: 47/61 MP: 7/7
  4295 | D:4      | Bought a scroll labelled COUPLAMNYOH for 30 gold pieces
  4295 | D:4      | Bought a scroll of identify for 60 gold pieces
  4295 | D:4      | Bought a scroll labelled RIAJUL MAFAAXO for 30 gold pieces
  4295 | D:4      | Bought a scroll labelled WUPON QEGOYB for 30 gold pieces
  4454 | D:4      | Noticed Ijyb
  4507 | D:4      | Killed Ijyb
  5033 | D:5      | Entered Level 5 of the Dungeon
  5082 | D:5      | Reached skill level 6 in Fighting
  5133 | D:5      | Reached skill level 5 in Long Blades
  5360 | D:5      | Became a worshipper of Beogh the Brigand
  5367 | D:5      | Reached XP level 8. HP: 67/71 MP: 5/8
  5736 | D:5      | Reached skill level 7 in Fighting
  5906 | D:5      | Found Foizal's Serpentskin Sales.
  6396 | D:6      | Reached XP level 9. HP: 74/79 MP: 9/9
  6400 | D:6      | Identified the +1 plate armour "Dadeco" {rN+ Dex+3}
  6503 | D:6      | Noticed Sigmund
  6519 | D:6      | Killed Sigmund
  6536 | D:6      | Found a shimmering altar of Xom.
  6542 | D:6      | Reached * piety under Beogh
  6675 | D:6      | Reached skill level 8 in Fighting
  6907 | D:7      | Noticed Joseph
  6912 | D:7      | Found a staircase to the Ecumenical Temple.
  6919 | D:7      | HP: 4/81 [hobgoblin (8)]
  6920 | D:7      | Shot with a sling bullet by Joseph

Illustrated notes

Levels and vault maps discovered:
D:1:      amcnicky_arrival_single_pillar, layout_basic
D:2:      layout_loops_ring
D:3:      layout_basic, dreamdust_ecumenical_altar_statues, uniq_robin
D:4:      layout_gridville, serial_shops, shop_statue,
          kennysheep_generic_room_4, uniq_ijyb
D:5:      layout_cave_pools, guppyfry_shop_venom
D:6:      kennysheep_spiral_hall, layout_rooms,
          mainiacjoe_overflow_cross_hatched, uniq_sigmund
D:7:      nicolae_cairo_tiling_very_big, layout_basic,
          minmay_temple_entry_stoned_glass, sigmund_army, uniq_joseph

Skill      XL: |  1  2  3  4  5  6  7  8  9 |
---------------+----------------------------+-----
Fighting       | 4 5 6 7 8 |  8.0
Long Blades    | 3 4 5 6 |  6.7
Armour         | 4 5 6 7 |  7.2
Shields        | 4 5 6 7 |  7.3

Action                   |  1- 3 |  4- 6 |  7- 9 || total
-------------------------+-------+-------+-------++-------
Melee: Long sword        |   103 |   149 |   153 ||   405
       Unarmed           |       |       |    24 ||    24
       Falchion          |       |       |    86 ||    86
Invok: Convert to Beogh  |       |       |     1 ||     1
Evoke: Wand              |       |       |     1 ||     1
  Use: Potion            |       |     4 |       ||     4
       Scroll            |       |     2 |     7 ||     9
Armor: Scale mail        |    49 |    64 |       ||   113
       Plate armour      |       |    12 |   177 ||   189
       Skin              |       |       |     2 ||     2
Dodge: Dodged            |    52 |    62 |    96 ||   210
Block: Buckler           |    25 |    33 |    77 ||   135
